 Dungeon Crawl Stone Soup version 0.31.0-9-g3a7656b989 (webtiles) character file.

Game seed: 12926246649655736504

9 qw the Shooter (level 2, 0/14 HPs)
             Began as a Spriggan Hunter on Feb 2, 2024.
             Slain by a kobold
             ... wielding a +0 dagger
              (2 damage)
             ... on level 1 of the Dungeon.
             The game lasted 00:00:00 (140 turns).

qw the Shooter (Spriggan Hunter)                     Turns: 140, Time: 00:00:00

Health: 0/14       AC:  2    Str:  7    XL:     2   Next: 6%
Magic:  3/3        EV: 18    Int: 10    God:
Gold:   0          SH:  0    Dex: 18    Spells: 1/1 levels left

rFire   . . .        a - +0 shortbow
rCold   . . .        (shield currently unavailable)
rNeg    . . .        c - +0 robe
rPois   .            (helmet restricted)
rElec   .            (no cloak)
rCorr   .            (gloves unavailable)
SInv    +            (boots unavailable)
Will    .....        (no amulet)
Stlth   ++           (no ring)
HPRegen 0.22/turn    (no ring)
MPRegen 0.08/turn

%: no passive effects
@: very quick
A: very small, no large weapons, unfitting armour, see invisible, speed 3
a: no special abilities


You were on level 1 of the Dungeon.
You visited 1 branch of the dungeon, and saw 1 of its levels.


Innate Abilities, Weirdness & Mutations

You are very small and have problems with some larger weapons.
You are too small for most types of armour.
You have supernaturally acute eyesight. (SInv)
You cover ground extremely quickly. (Speed+++)


   Skills:
 - Level 1.5 Fighting
 - Level 4.0 Ranged Weapons
 + Level 3.8 Dodging
 - Level 1.5 Stealth


You had one spell level left.
You didn't know any spells.
Your spell library was empty.

Inventory:

Hand Weapons
 a - a +0 shortbow (weapon)
Armour
 c - a +0 robe (worn)
Jewellery
 d - a ring of positive energy
Scrolls
 b - a scroll of butterflies
Potions
 e - a potion of heal wounds {unknown}

Dungeon Overview and Level Annotations

Branches:
Dungeon (1/15)

Altars:


Message History

The goblin hits you with a +0 dagger.
A kobold comes into view. It is wielding a +0 short sword.
The goblin hits you but does no damage.
You shoot an arrow. The arrow completely misses the goblin.
The goblin barely misses you.
The goblin hits you with a +1 dagger of holy wrath.
You shoot an arrow. The arrow closely misses the goblin.
The kobold throws a stone.
The stone barely misses you.
The stone hits the goblin.
The goblin dies!
The goblin closely misses you.
You shoot an arrow. The arrow barely misses the goblin.
The goblin misses you.
You shoot an arrow. The arrow barely misses the goblin.
The kobold throws a stone.
The stone hits you but does no damage.
The goblin hits you with a +1 dagger of holy wrath.
You shoot an arrow. The arrow closely misses the goblin.
The goblin hits you but does no damage. The kobold hits you with a +0 dagger.
The goblin closely misses you.
The kobold throws a stone.
The stone closely misses you.
You shoot an arrow. The arrow hits the goblin.
The goblin is moderately wounded.
The kobold hits you but does no damage.
The goblin hits you with a +1 dagger of holy wrath.
The kobold throws a stone.
The stone closely misses you.
You shoot an arrow. The arrow barely misses the goblin.
The kobold misses you. The goblin barely misses you.
You shoot an arrow. The arrow hits the goblin.
You kill the goblin!
The kobold completely misses you. The kobold closely misses you.
You have reached level 2!
You shoot an arrow. The arrow hits the kobold!
You kill the kobold!
The kobold misses you.
You shoot an arrow. The arrow completely misses the kobold.
The kobold hits you with a +0 dagger. x2
You shoot an arrow. The arrow hits the kobold.
The kobold is moderately wounded.
The kobold hits you with a +0 dagger.
You die...

.................
#########.#######..##
########.#.. ...#
.........#.#####...#
.........#.#...#...#
.........#.#.#.#...#
########.#.#.#.#...#
#######.#.#.#.#)..#
.............>@)..#
.########.#.#K#.#.#
#...........
#.......#.#.#
#.......#.#.#
###.##..#.# #
.......#.# ###.##.#.#
. .#


You could see a kobold.

Vanquished Creatures
  A goblin (D:1)
  3 jackals (D:1)
  A kobold (D:1)
  A frilled lizard (D:1)
  2 rats (D:1)
8 creatures vanquished.

Vanquished Creatures (others)
  A goblin (D:1)
1 creature vanquished.

Grand Total: 9 creatures vanquished

Notes
Turn   | Place    | Note
-------+----------+-------------------------------------------
     0 | D:1      | qw the Spriggan Hunter began the quest for the Orb.
     0 | D:1      | Reached XP level 1. HP: 10/10 MP: 2/2
     0 | D:1      | 0 ||| qw: Version: 0.3-a-155-g5e7d8dd
     0 | D:1      | 0 ||| qw: Game counter: 2038
     0 | D:1      | 0 ||| qw: Melee chars always use a shield: true
     0 | D:1      | 0 ||| qw: God list: Okawaru
     0 | D:1      | 0 ||| qw: Allow faded altars: false
     0 | D:1      | 0 ||| qw: Do Orc after clearing Dungeon:15 true
     0 | D:1      | 0 ||| qw: Do second Lair branch before Depths: true
     0 | D:1      | 0 ||| qw: Lair rune preference: random
     0 | D:1      | 0 ||| qw: Goals: Normal
     0 | D:1      | 0 ||| PLANNING D:1-11
    28 | D:1      | Reached skill level 3 in Dodging
   138 | D:1      | Reached XP level 2. HP: 6/14 MP: 3/3
   139 | D:1      | HP: 2/14 [kobold/+0 dagger (2)]
   140 | D:1      | Slain by a kobold

Levels and vault maps discovered:
D:1:      dpeg_arrival_more_subterranean_lakeside_camping, layout_basic,
          wad_woods_river_04, minmay_rat_gold_closets

Skill      XL: |  1 |
---------------+----+-----
Dodging        | 3 |  3.8
Fighting       | |  1.5
Ranged Weapons | |  4.0
Stealth        | |  1.5

Action                     || total
---------------------------++-------
   Fire: Shortbow          ||    33
 Armour: Robe              ||    13
  Dodge: Dodged            ||    25

Table legend:
 A = Non-vault XP
 B = Vault XP
 C = Vault XP percentage of total XP
 D = Non-vault monster count
 E = Vault monster count
 F = Vault count percentage of total count
                 A         B        C        D         E       F
            +---------+---------+-------+---------+---------+-------
      Total |      14 |       0 |   0.0 |       9 |       0 |   0.0
            +---------+---------+-------+---------+---------+-------
        D:1 |      14 |       0 |   0.0 |       9 |       0 |   0.0
            +---------+---------+-------+---------+---------+-------
